 Dungeon Crawl Stone Soup version 0.24.0-123-gd5b16e6ec5 (webtiles) character file.

Game seed: 12263087400418318407, levelgen mode: deterministic

6580 Devam the Reanimator (level 10, -13/74 HPs)
             Began as a Mummy Necromancer on Dec 31, 2019.
             Was an Initiate of Gozag.
             Killed from afar by an orc sorcerer (24 damage)
             ... with a bolt of fire
             ... while paralysed by an orc sorcerer
             ... on level 8 of the Dungeon.
             The game lasted 00:59:29 (14691 turns).

Devam the Reanimator (Mummy Necromancer)           Turns: 14691, Time: 00:59:29

Health: -13/74     AC: 10    Str: 11    XL:     10   Next: 71%
Magic:  3/17       EV:  2    Int: 17    God:    Gozag
Gold:   74         SH:  0    Dex: 14    Spells: 6/19 levels left

rFire    x . .     SeeInvis .   j - +2 whip (venom)
rCold    + + .     Gourm    .   (no shield)
rNeg     + + +     Faith    .   v - +1 robe {rC+}
rPois    ∞         Spirit   .   u - +0 helmet
rElec    .         Reflect  +   o - +2 cloak
rCorr    .         Harm     .   p - +0 pair of gloves (curse)
MR       +....                  c - +0 pair of boots
Stlth    ++........             m - +3 amulet of reflection
HPRegen  0.22/turn              a - +1 ring of protection
MPRegen  0.15/turn              l - ring of flight

@: paralysed
A: no food or potions, fire vulnerability, cold resistance 1, negative energy
resistance 3, torment resistance, unbreathing
a: Potion Petition, Call Merchant, Bribe Branch, Renounce Religion, Evoke Flight


You were on level 8 of the Dungeon.
You worshipped Gozag.
Gozag was noncommittal.
You were not hungry.

You visited 2 branches of the dungeon, and saw 9 of its levels.

You collected 511 gold pieces.
You spent 280 gold pieces at shops.
You paid 157 gold pieces to Gozag.

Inventory:

Hand Weapons
 j - a +2 whip of venom (weapon)
Missiles
 d - 274 stones (quivered)
 k - 5 boomerangs
 s - a throwing net
Armour
 c - a +0 pair of boots (worn)
 o - a +2 cloak (worn)
 p - a cursed +0 pair of gloves (worn)
 u - a +0 helmet (worn)
 v - a +1 robe of cold resistance (worn)
Jewellery
 a - a +1 ring of protection (left hand)
 h - an uncursed amulet of magic regeneration
 l - a ring of flight (right hand)
 m - a +3 amulet of reflection (around neck)
Wands
 b - a wand of flame (22)
 q - a wand of enslavement (11)
 r - a wand of iceblast (7)
Scrolls
 e - 5 scrolls of remove curse {@r2}
 f - 3 scrolls of teleportation
 g - 3 scrolls of fog
 i - a scroll of holy word {unknown}
 n - 3 scrolls of magic mapping
 t - 2 scrolls of amnesia
 w - a scroll of identify {@r1}


   Skills:
 - Level 5.0 Fighting
 + Level 7.7 Maces & Flails
 - Level 1.5 Dodging
 - Level 1.5 Stealth
 - Level 5.1 Spellcasting
 - Level 5.0 Conjurations
 - Level 8.0 Necromancy
 - Level 2.0 Translocations
 - Level 3.1 Fire Magic
 - Level 3.0 Air Magic
 - Level 3.1 Poison Magic


You had 6 spell levels left.
You knew the following spells:

 Your Spells              Type           Power        Failure   Level  Hunger
a - Pain                  Necr           ####         1%          1    N/A
b - Blink                 Tloc           N/A          10%         2    N/A
c - Vampiric Draining     Necr           ####......   1%          3    N/A
d - Conjure Flame         Conj/Fire      ###.....     8%          3    N/A
e - Mephitic Cloud        Conj/Pois/Air  ###.....     9%          3    N/A
f - Animate Skeleton      Necr           N/A          1%          1    N/A

Your spell library contained the following spells:

 Spells                   Type           Power        Failure   Level  Hunger
 Magic Dart               Conj           ###.         1%          1    N/A
 Animate Dead             Necr           N/A          4%          4    N/A
 Call Imp                 Summ           #.......     22%         2    N/A
 Slow                     Hex            #.......     22%         2    N/A
 Regeneration             Chrm/Necr      Unusable     N/A         3    N/A

Dungeon Overview and Level Annotations

Branches:
Dungeon (8/15)             Temple (1/1) D:7
   Lair: D:8-11

Altars:
Cheibriados
Dithmenos
Elyvilon
Gozag
Makhleb
Nemelex Xobeh
Okawaru
Sif Muna
Trog
Uskayaw
Vehumet
Xom
Yredelemnul
Zin

Shops:
D:5 !%:*[   D:7 ?

Annotations:
D:4 Grinder
D:5 2 runed translucent doors


Innate Abilities, Weirdness & Mutations

You do not eat or drink.
Your flesh is vulnerable to fire.
You are immune to poison.
Your flesh is cold resistant. (rC+)
You are immune to negative energy. (rN+++)
You are immune to unholy pain and torment.
You can survive without breathing.


Message History

Press: ? - help, Shift-Dir - straight line The ball explodes into a vile cloud!
The stinking cloud engulfs the orc sorcerer but does no damage.
You hear a howl!
You hear a shout!
Casting: Mephitic Cloud (safe; 9% risk of failure)
Confirm with . or Enter, or press ? or * to list all spells.
You don't have enough magic to cast that spell.
The orc sorcerer casts a spell.
You see here a black potion.
The orc sorcerer shouts, "You are history!"
The orc sorcerer gestures at you while chanting.
You suddenly lose the ability to move!
The orc sorcerer gestures at you while chanting.
The bolt of fire hits you!!! The fire burns you terribly!
Ouch! That really hurt!
* * * LOW HITPOINT WARNING * * *
The orc sorcerer casts a spell at you. The bolt of fire hits you!!
The fire burns you terribly!
You die...
Your body crumbles into a pile of gold.

....###.##....#......###.%.##
........##.........####.....##
.#....#......#!....# #.......#
##....#..o...#.o#.#####%....##
##........#####.#...####...##
.......3...........[..######
#.......#######.###........#
#.##......#####.####.......#
..##h.###.#.....@..........#
......###.[.###.<###.......#
.##..........###..........##
!##.....###...##..........#
.........##.#.##..........#
..##.....#......).........#
#)...)....................#
..........................###
#.........<.................#


You could see an orc sorcerer.

Vanquished Creatures
  An orc knight (D:8)
  Psyche (D:8)
  Prince Ribbit (D:6)
  Sigmund (D:3)
  A yak (D:8)
  3 hogs (D:8)
  11 wargs
  5 orc warriors
  2 sky beasts (D:7)
  2 ice beasts
  A phantom (D:6)
  2 ogres
  2 centaurs
  5 scorpions
  3 killer bees (D:8)
  4 wights
  A howler monkey (D:5)
  A vampire bat (D:8)
  3 electric eels (D:8)
  A crimson imp (D:5)
  3 bullfrog zombies
  3 hounds
  6 orc priests
  Crazy Yiuf (D:5)
  2 bullfrog skeletons (D:4)
  6 jellies
  5 orc wizards
  Natasha (thrice) (D:3)
  4 worker ants
  2 hound skeletons
  3 gnolls
  8 adders
  A shadow imp (D:5)
  2 oozes
  An adder skeleton (D:5)
  An adder zombie (D:4)
  4 worms (D:3)
  2 dart slugs
  6 leopard geckos
  41 orcs
  7 giant cockroaches
  9 goblins
  5 hobgoblins
  6 iguanas
  13 jackals
  7 kobolds
  5 quokkas
  3 ball pythons
  15 bats
  5 frilled lizards
  7 rats
237 creatures vanquished.

Vanquished Creatures (collateral kills)
  A human (D:8)
  2 wargs (D:8)
  An ice beast (D:7)
  2 ogres (D:7)
  A wight (D:7)
  A bullfrog skeleton (D:6)
  2 orc priests
  A jelly (D:2)
  An orc wizard (D:7)
  A howler monkey zombie (D:7)
  A leopard gecko (D:7)
  6 orcs
  A giant cockroach (D:7)
  A jackal (D:2)
  A bat (D:1)
  A rat (D:2)
24 creatures vanquished.

Vanquished Creatures (others)
  A wizard (D:7)
  3 plants (D:8)
4 creatures vanquished.

Grand Total: 265 creatures vanquished

Notes
Turn   | Place    | Note
-------+----------+-------------------------------------------
     0 | D:1      | Devam the Mummy Necromancer began the quest for the Orb.
     0 | D:1      | Reached XP level 1. HP: 13/13 MP: 4/4
     2 | D:1      | Learned a level 1 spell: Animate Skeleton
   132 | D:1      | Reached XP level 2. HP: 12/19 MP: 0/5
   685 | D:1      | Reached skill level 5 in Necromancy
  1030 | D:2      | Reached XP level 3. HP: 24/24 MP: 5/7
  1104 | D:2      | Learned a level 3 spell: Vampiric Draining
  1523 | D:1      | Reached XP level 4. HP: 29/30 MP: 2/8
  2408 | D:2      | Reached skill level 6 in Necromancy
  2476 | D:2      | Reached skill level 1 in Fighting
  2476 | D:2      | Reached XP level 5. HP: 31/37 MP: 5/9
  2529 | D:2      | Found a shimmering altar of Xom.
  3110 | D:2      | Found a shimmering blue altar of Sif Muna.
  3276 | D:3      | Noticed an ice beast
  3658 | D:3      | Noticed Sigmund
  3889 | D:3      | Killed Sigmund
  3889 | D:3      | Reached XP level 6. HP: 34/49 MP: 4/10
  4095 | D:3      | Noticed Natasha
  4101 | D:3      | Killed Natasha
  4142 | D:3      | Reached skill level 1 in Maces & Flails
  4203 | D:3      | Killed an ice beast
  4203 | D:3      | Reached skill level 5 in Fighting
  4203 | D:3      | Reached XP level 7. HP: 38/56 MP: 0/11
  4367 | D:3      | Noticed Natasha
  4371 | D:3      | Killed Natasha
  4736 | D:3      | Noticed Natasha
  4742 | D:3      | Killed Natasha
  4928 | D:4      | Found a glowing silver altar of Zin.
  4928 | D:4      | Found a burning altar of Makhleb.
  4935 | D:4      | Noticed a blizzard demon
  4935 | D:4      | Noticed an angel
  5384 | D:4      | Noticed Grinder
  5581 | D:4      | Reached skill level 7 in Necromancy
  5898 | D:5      | Entered Level 5 of the Dungeon
  6249 | D:5      | Found a runed translucent door.
  6250 | D:5      | Noticed Crazy Yiuf
  6390 | D:5      | Reached skill level 8 in Necromancy
  6390 | D:5      | Reached XP level 8. HP: 31/62 MP: 8/12
  7086 | D:5      | Found Nasumud's Food Shop.
  7293 | D:5      | Found a runed translucent door.
  7294 | D:5      | Found a runed translucent door.
  7400 | D:5      | Found Zutis's Distillery.
  7400 | D:5      | Found Vocoq's Book Emporium.
  7409 | D:5      | Bought a book of Minor Magic for 280 gold pieces
  7412 | D:5      | Learned a level 2 spell: Blink
  7416 | D:5      | Learned a level 3 spell: Conjure Flame
  7420 | D:5      | Learned a level 3 spell: Mephitic Cloud
  7561 | D:5      | Found Qued's Assorted Antiques.
  7678 | D:5      | Found Caurghing's Antique Armour Shop.
  7736 | D:5      | Killed Crazy Yiuf
  8012 | D:6      | Reached skill level 1 in Air Magic
  8049 | D:6      | Reached skill level 1 in Conjurations
  8049 | D:6      | Reached skill level 1 in Translocations
  8049 | D:6      | Reached skill level 1 in Fire Magic
  8049 | D:6      | Reached skill level 1 in Poison Magic
  8405 | D:6      | Noticed Prince Ribbit
  8808 | D:7      | Reached XP level 9. HP: 68/68 MP: 8/13
  9256 | D:7      | Found Tejou's Magic Scroll Shoppe.
  9303 | D:7      | Found a staircase to the Ecumenical Temple.
  9309 | Temple   | Entered the Ecumenical Temple
  9428 | D:7      | Found a bloodstained altar of Trog.
  9474 | D:7      | Noticed a wizard
  9479 | D:7      | Killed a wizard
  9731 | D:6      | Killed Prince Ribbit
 10710 | D:7      | Reached skill level 5 in Spellcasting
 11384 | D:8      | Noticed Psyche
 11747 | D:8      | Noticed an orc knight
 11879 | D:8      | Reached skill level 5 in Conjurations
 11881 | D:8      | Reached XP level 10. HP: 44/74 MP: 6/17
 12442 | D:8      | Killed Psyche
 12442 | D:8      | Reached skill level 5 in Maces & Flails
 14067 | Temple   | Became a worshipper of Gozag Ym Sagoz the Greedy
 14438 | D:8      | Killed an orc knight
 14480 | D:8      | Noticed an orc sorcerer
 14683 | D:8      | Noticed a soul eater
 14689 | D:8      | Paralysed by an orc sorcerer for 3 turns
 14691 | D:8      | Killed from afar by an orc sorcerer

Levels and vault maps discovered:
D:1:      minmay_arrival_checkered_box, layout_rooms
D:2:      layout_basic, marbit_many_paths, first_ration, dk_xom_monty_hall
D:3:      layout_loops_ring, uniq_sigmund, uniq_natasha
D:4:      layout_loops_ring, grunt_temple_overflow_order_and_chaos_2,
          st_stairs_5, uniq_grinder
D:5:      lemuel_insect_pit, layout_basic, serial_shops, shop, shop, shop,
          kennysheep_mini, nicolae_shop_window_shopping, uniq_crazy_yiuf_cottage
D:6:      layout_rooms, nicolae_sextant, uniq_prince_ribbit1
D:7:      layout_gridville, minmay_temple_entry_proselytizer, serial_shops,
          nicolae_shop_statue_plus, trog_wizard
D:8:      lemuel_castle_with_subvaults [lemuel_castle_interior_carwin_3],
          layout_rooms, serial_bayou_lagoon_a, roderic_batcave, grunt_livestock,
          uniq_psyche
Temple:   eino_temple_rhombus

Skill      XL: |  1  2  3  4  5  6  7  8  9 10 |
---------------+-------------------------------+-----
Necromancy     | 5 6 8 |  8.0
Spellcasting   | 3 5 |  5.1
Fighting       | 1 4 5 |  5.0
Maces & Flails | 1 2 3 7 |  7.7
Air Magic      | 2 3 |  3.0
Conjurations   | 2 5 |  5.0
Translocations | 2 |  2.0
Fire Magic     | 2 3 |  3.1
Poison Magic   | 2 3 |  3.1
Dodging        | |  1.5
Stealth        | |  1.5

Action                   |  1- 3 |  4- 6 |  7- 9 | 10-12 || total
-------------------------+-------+-------+-------+-------++-------
Melee: Dagger            |    29 |     2 |       |       ||    31
       Whip              |       |    43 |   376 |   123 ||   542
Throw: Stone             |       |       |    16 |       ||    16
 Cast: Pain              |    54 |   125 |   199 |    59 ||   437
       Animate Skeleton  |    16 |    19 |    35 |    12 ||    82
       Vampiric Draining |       |     2 |    10 |    27 ||    39
       Blink             |       |       |     9 |       ||     9
       Mephitic Cloud    |       |       |    12 |     7 ||    19
       Conjure Flame     |       |       |     6 |     5 ||    11
Evoke: Wand              |       |       |       |     2 ||     2
  Use: Scroll            |       |     5 |    11 |     2 ||    18
 Stab: Distracted        |     1 |       |       |       ||     1
       Sleeping          |       |     1 |     1 |       ||     2
       Confused          |       |       |     1 |     1 ||     2
Armor: Robe              |    11 |     9 |   117 |    24 ||   161
Dodge: Dodged            |    33 |    61 |   217 |    63 ||   374
Block: Other             |       |       |    38 |    15 ||    53
       Reflection        |       |       |     2 |       ||     2
